Map: Abyssal Reef LE

Players

Stephano

  • Race: Zerg Zerg
  • Spawn Location: 5:00

TRUE - Winner!

  • Race: Zerg Zerg
  • Spawn Location: 11:00

Event: WCS Jonkoping 2017

VOD

Have the link to the VOD?

Description

Time

  • Played on: June 17, 2017, 11:29 a.m.
  • Length: 4:33

All games in this series

Show
View Real Time Build Order
Export as new Build Order

Stephano Zerg 

Build Orders: Pool First 

Get SALT Encoding   

  12  0:18  Spawning Pool  
  11  0:22  Drone  
  11  0:26  Drone  
  13  0:30  Drone  
  14  0:40  Overlord  
  14  1:05  Queen, Zergling x4  
  14  1:06  Zergling x2  
  19  1:17  Zergling x2  
  20  1:27  Zergling x2  
  21  1:35  Hatchery  
  21  1:39  Zergling x2  
  21  1:46  Extractor  
  20  1:51  Queen  
  22  2:00  Overlord  
  22  2:22  Drone  
  23  2:28  Drone x2  
  22  2:32  Drone  
  22  2:34  Drone  
  24  2:39  Drone  
  25  2:50  Metabolic Boost  
  24  2:54  Zergling x4  
  26  2:59  Overlord  
  26  3:10  Drone x2  
  28  3:14  Baneling Nest  
  28  3:17  Drone  
  27  3:21  Drone  
  27  3:24  Zergling x2  
  27  3:26  Zergling x2  
  29  3:31  Zergling x2  
  31  3:34  Zergling x2  
  31  3:37  Zergling x2  
  30  3:41  Zergling x2  
  30  3:42  Zergling x2  
  32  3:52  Zergling x8  
  32  3:57  Zergling x2  
  30  4:03  Zergling x2  
  30  4:08  Zergling x4  
  29  4:10  Baneling  
  29  4:11  Baneling  
Show
View Real Time Build Order
Export as new Build Order

TRUE Zerg - Winner!

Build Orders: Hatch First 

Get SALT Encoding   

  12  0:00  Drone  
  13  0:12  Overlord  
  13  0:16  Drone  
  14  0:31  Drone x2  
  14  0:34  Drone  
  17  0:52  Hatchery  
  17  0:55  Drone  
  17  1:09  Spawning Pool  
  17  1:11  Extractor  
  15  1:14  Drone  
  16  1:18  Drone  
  16  1:20  Drone  
  18  1:28  Drone  
  19  1:38  Overlord  
  19  1:56  Queen, Zergling x2  
  19  2:00  Zergling x2  
  23  2:04  Queen, Zergling x2  
  26  2:14  Metabolic Boost  
  24  2:24  Zergling x2  
  24  2:29  Zergling x2  
  24  2:35  Zergling x2  
  23  2:45  Zergling x2  
  24  2:52  Zergling x2  
  24  2:57  Overlord  
  25  3:02  Zergling x2  
  26  3:06  Zergling x2  
  26  3:11  Zergling x2  
  27  3:12  Zergling x2  
  27  3:16  Zergling x2  
  27  3:19  Zergling x2  
  29  3:24  Zergling x2  
  30  3:28  Zergling x2  
  30  3:33  Zergling x4  
  33  3:37  Zergling x2  
  33  3:42  Zergling x2  
  33  3:45  Zergling x2  
  34  3:50  Zergling x2  
  34  3:53  Zergling x2  
  34  3:57  Zergling x2  
  34  4:02  Zergling x2  
  34  4:04  Zergling x2  
  34  4:07  Zergling x2  
  35  4:12  Zergling x2  
  35  4:16  Zergling x2  
Tags
 
Add a new tag
Caveats
  • Supply blocks, unpowered buildings, or Contaminate may cause inaccurate times.
  • Supply counts are checked every 10 seconds.